 Dungeon Crawl Stone Soup version 0.27-a0-1312-g5cdb2b3542 (webtiles) character file.

Game seed: 13207541211763123229

633 Sobieck the Ducker (level 7, 0/55 HPs)
             Began as a Spriggan Berserker on June 20, 2021.
             Was a Priest of Trog.
             Succumbed to a killer bee's poison
             ... on level 4 of the Dungeon.
             The game lasted 00:09:17 (5157 turns).

Sobieck the Ducker (Spriggan Berserker)             Turns: 5157, Time: 00:09:17

Health: 0/55       AC:  2    Str: 15    XL:     7   Next: 24%
Magic:  8/8        EV: 21    Int:  9    God:    Trog [***...]
Gold:   108        SH:  0    Dex: 17    Spells: 6/6 levels left

rFire    + + .     SeeInvis +   a - +0 falchion {long}
rCold    x . .     Faith    .   (shield restricted)
rNeg     . . .     Spirit   .   b - +0 animal skin
rPois    .         Reflect  .   (helmet restricted)
rElec    .         Harm     .   (no cloak)
rCorr    .         Rampage  .   (gloves unavailable)
Will     ++...                  (boots unavailable)
Stlth    ..........             (no amulet)
HPRegen  0.18/turn              n - ring of Maist {rF++ rC- Will+ Dex+3 SInv}
MPRegen  0.11/turn              (no ring)

@: berserking (expiring), lethally poisoned (0 -> -6), very quick
A: very small, no large weapons, unfitting armour, see invisible, speed 3
a: Renounce Religion, Berserk, Trog's Hand


You were on level 4 of the Dungeon.
You worshipped Trog.
Trog was most pleased with you.
You visited 1 branch of the dungeon, and saw 6 of its levels.

You collected 108 gold pieces.


Innate Abilities, Weirdness & Mutations

You are very small and have problems with some larger weapons.
You are too small for most types of armour.
You have supernaturally acute eyesight. (SInv)
You cover ground extremely quickly. (Speed+++)


   Skills:
 + Level 3.7 Fighting
 + Level 3.7 Long Blades
 * Level 7.4 Dodging
 - Level 6.0 Stealth


You had 6 spell levels left.
You didn't know any spells.
Your spell library contained the following spells:

 Spells                   Type           Power      Damage    Failure   Level
 Magic Dart               Conj           0%         1d3       38%         1
 Blink                    Tloc           N/A        N/A       52%         2
 Call Imp                 Summ           0%         N/A       52%         2
 Slow                     Hex            0%         N/A       52%         2
 Conjure Flame            Conj/Fire      0%         6-21      77%         3
 Ignite Poison            Fire/Tmut/Pois 0%         N/A       77%         3
 Mephitic Cloud           Conj/Pois/Air  0%         N/A       77%         3
 Summon Lightning Spire   Summ/Air       0%         N/A       99%         4
 Conjure Ball Lightning   Conj/Air       0%         3x3d6     100%        6

Inventory:

Hand Weapons
 a - a +0 falchion (weapon) {long}
 d - a +1 dagger of venom {short}
   (You took it off a kobold on level 1 of the Dungeon)
 f - a +1 dagger of flaming {short}
   (You took it off a goblin on level 1 of the Dungeon)
 j - a +2 dagger of speed {short}
   (You took it off a goblin on level 2 of the Dungeon)
Missiles
 g - 24 stones (quivered) {throwing}
 i - 34 sling bullets
 m - 3 boomerangs {throwing}
Armour
 b - a +0 animal skin (worn)
Jewellery
 n - the ring of Maist (left hand) {rF++ rC- Will+ Dex+3 SInv}
   (You found it on level 4 of the Dungeon)

   [ring of willpower]

   It affects your dexterity (+3).
   It greatly protects you from fire.
   It makes you vulnerable to cold.
   It lets you see invisible.
   It increases your willpower.
Wands
 o - a wand of digging (7)
   (You found it on level 4 of the Dungeon)
Scrolls
 l - a scroll of vulnerability {unknown}
Potions
 c - 2 potions of curing {unknown}
 e - a potion of might {unknown}
 h - 2 potions of heal wounds {unknown}
 k - 2 potions of invisibility {unknown}
 p - a potion of lignification {unknown}

Dungeon Overview and Level Annotations

Branches:
Dungeon (6/15)
 Temple: D:4-7

Altars:
Elyvilon

#...............# #############
#...............+ #...........
#...............# #...........
#...†...........# #...........
#.......y.......########'####+###
#.......y.......#...#.....)......
#...............#...#............
#........#+######...#............
#........'....y†@...'............
#........#.....######............
#...†....#.....#......###########
#....[...#.....#......#
#........#.....#......#
#........#.....'......+
#........#.....#......#
#........#.....#......#
#........#######......#


You could see a killer bee.


Message History

You are more poisoned.
The killer bee poisons you! 😮 HP[-5]
You take 5 damage, and now have 29/48 hp.
You closely miss the killer bee.
You feel very sick.
The killer bee stings you but does no damage.
The killer bee closely misses you.
You riposte.
You barely miss the killer bee. 😮 HP[-3]
You take 3 damage, and now have 26/48 hp.
You slash the killer bee!
You feel very sick.
The killer bee stings you but does no damage. 😨 HP[-3]
You take 3 damage, and now have 23/48 hp.
You barely miss the killer bee.
You feel sick. The killer bee stings you.
* * * LOW HITPOINT WARNING * * *
The killer bee closely misses you. 😨 HP[-6]
You take 6 damage, and now have 17/48 hp.
Unknown command.
You barely miss the killer bee.
You feel sick. The killer bee completely misses you.
You riposte.
You hit the killer bee.
You kill the killer bee!
Trog accepts your kill.
Your Dodging skill increases to level 7!
You have reached level 7! 😨 MP[+1]
You now have 54 max hp (+6).
Your mp is fully restored (8).
You slash the killer bee!
You feel sick. The killer bee barely misses you.
You riposte.
You completely miss the killer bee. 😨 HP[-2]
You take 2 damage, and now have 15/54 hp.
You barely miss the killer bee.
You feel sick. The killer bee completely misses you.
You riposte.
You barely miss the killer bee. The killer bee barely misses you.
You riposte.
You barely miss the killer bee. 😨 HP[-1]
You take 1 damage, and now have 14/54 hp.
You miss the killer bee.
You feel sick.
The killer bee completely misses you. 😱 HP[-1]
You take 1 damage, and now have 13/54 hp.
You miss the killer bee.
You feel sick. The killer bee completely misses you.
You riposte.
You hit the killer bee. The killer bee misses you. 😱 HP[-1]
You take 1 damage, and now have 12/54 hp.
Unknown command.
You miss the killer bee.
You feel sick.
The killer bee completely misses you. 😱 HP[-1]
You take 1 damage, and now have 11/54 hp.
You closely miss the killer bee.
You feel sick.
The killer bee barely misses you. 😱 HP[-1]
You take 1 damage, and now have 10/54 hp.
You are too berserk!
You miss the killer bee. The killer bee closely misses you.
You riposte.
You hit the killer bee.
You kill the killer bee!
Trog accepts your kill. The killer bee stings you.
* * * LOW HITPOINT WARNING * * *
You are lethally poisoned!
The killer bee poisons you! 😱 HP[-2]
You take 2 damage, and now have 8/54 hp.
You slash the killer bee!
* * * LOW HITPOINT WARNING * * *
You feel very sick.
The killer bee closely misses you. 😱 HP[-3]
You take 3 damage, and now have 5/54 hp.
You closely miss the killer bee.
* * * LOW HITPOINT WARNING * * *
You feel sick.
The killer bee completely misses you. x2; You riposte.
You slash the killer bee!
You feel the power of Trog in you as your rage grows.
You kill the killer bee!
Trog accepts your kill. 😱 HP[-2]
You now have 55 max hp (+1).
You take 2 damage, and now have 3/55 hp.
Unknown command.
You barely miss the killer bee.
* * * LOW HITPOINT WARNING * * *
You feel sick. The killer bee barely misses you.
You riposte.
You slash the killer bee! 😱 HP[-1]
You take 1 damage, and now have 2/55 hp.
Unknown command.
You hit the killer bee.
* * * LOW HITPOINT WARNING * * *
You feel sick. The killer bee misses you.
You riposte.
You closely miss the killer bee. The killer bee misses you. 😱 HP[-1]
You take 1 damage, and now have 1/55 hp.
Unknown command.
You slash the killer bee!
You kill the killer bee!
Trog accepts your kill.
You die...

Skill      XL: |  1  2  3  4  5  6 |
---------------+-------------------+-----
Stealth        | 1 2 3 4 5 6 |  6.0
Dodging        | 5 6 7 |  7.4
Long Blades    | 3 |  3.7
Fighting       | 3 |  3.7

Action                   |  1- 3 |  4- 6 |  7- 9 || total
-------------------------+-------+-------+-------++-------
Melee: Falchion          |    98 |   130 |    12 ||   240
       Dagger            |     4 |       |       ||     4
Throw: Stone             |    52 |     3 |       ||    55
Invok: Berserk           |     5 |     7 |       ||    12
  Use: Scroll            |     1 |       |       ||     1
 Stab: Distracted        |     1 |     1 |       ||     2
       Sleeping          |       |     9 |       ||     9
Armor: Animal skin       |    10 |    16 |       ||    26
Dodge: Dodged            |    92 |   137 |    15 ||   244
       Rpst.: Falchion   |    23 |    44 |     8 ||    75

Levels and vault maps discovered:
D:1:      dpeg_arrival_fog, layout_loops_ring,
          hellmonk_ecumenical_altar_run_dry, serial_forest,
          infiniplex_forest_end_1, infiniplex_forest_straight_2,
          infiniplex_forest_end_1, infiniplex_forest_corner_1,
          infiniplex_forest_straight_1, infiniplex_forest_lined_3
D:2:      layout_loops_ring
D:3:      layout_loops_ring, lemuel_coloured_pillars_altar,
          kennysheep_cross_bottleneck, chequers_serial_rivers_micro_b,
          grunt_decor_junction, uniq_natasha
D:4:      layout_gridville, kennysheep_little_box, grunt_ministairs_15,
          uniq_ijyb
D:5:      layout_basic, serial_curves, eino_curves_03, eino_curves_01,
          nicolae_shop_overcharged_wands
D:6:      layout_basic, serial_shops, nicolae_shop_waterfront,
          grunt_ministairs_15, corexii_corridor_pit, kennysheep_generic_room_11

Notes
Turn   | Place    | Note
-------+----------+-------------------------------------------
     0 | D:1      | Sobieck the Spriggan Berserker began the quest for the Orb.
     0 | D:1      | Reached XP level 1. HP: 11/11 MP: 2/2
     0 | D:1      | magus.rc [v1.9.6]
   127 | D:1      | Reached skill level 1 in Stealth
   179 | D:1      | Found a faded altar of an unknown god.
   229 | D:1      | Reached XP level 2. HP: 13/16 MP: 3/3
   844 | D:1      | Reached skill level 2 in Stealth
  1794 | D:2      | Reached XP level 3. HP: 19/19 MP: 4/4
  1926 | D:2      | You pick up a book of Minor Magic {forbidden} and begin
                  | reading...
  1926 | D:2      | You add the spells Magic Dart, Blink, Call Imp, Slow,
                  | Conjure Flame and Mephitic Cloud to your library.
  1944 | D:2      | Reached ** piety under Trog
  2954 | D:2      | Reached skill level 5 in Dodging
  2954 | D:2      | Reached skill level 3 in Stealth
  2954 | D:2      | Reached XP level 4. HP: 23/23 MP: 5/5
  3462 | D:3      | Identified Sif Muna's Papyrus of Fiery Air
  3463 | D:3      | You add the spells Ignite Poison, Summon Lightning Spire
                  | and Conjure Ball Lightning to your library.
  3712 | D:4      | Reached skill level 3 in Long Blades
  3712 | D:4      | Reached skill level 4 in Stealth
  3715 | D:4      | Reached XP level 5. HP: 28/28 MP: 6/6
  3789 | D:3      | Noticed Natasha
  3798 | D:3      | Killed Natasha
  3961 | D:4      | Reached skill level 3 in Fighting
  4115 | D:5      | Entered Level 5 of the Dungeon
  4115 | D:5      | Noticed an ogre
  4121 | D:5      | Killed an ogre
  4122 | D:5      | Reached skill level 6 in Dodging
  4122 | D:5      | Reached skill level 5 in Stealth
  4122 | D:5      | Reached XP level 6. HP: 32/32 MP: 7/7
  4246 | D:6      | Reached *** piety under Trog
  4248 | D:6      | Reached skill level 6 in Stealth
  4454 | D:3      | Noticed Natasha
  4470 | D:3      | Killed Natasha
  4835 | D:3      | Found a white marble altar of Elyvilon.
  5067 | D:4      | Identified the ring of Maist {rF++ rC- Will+ Dex+3 SInv}
  5146 | D:4      | Reached skill level 7 in Dodging
  5146 | D:4      | Reached XP level 7. HP: 17/36 MP: 8/8
  5148 | D:4      | HP: 13/54 [poisoned by a killer bee]
  5153 | D:4      | HP: 5/54 [poisoned by a killer bee]
  5155 | D:4      | HP: 2/55 [poisoned by a killer bee]
  5157 | D:4      | Succumbed to a killer bee's poison

Vanquished Creatures
  An ogre (D:5)
  A bullfrog (D:6)
  A scorpion (D:5)
  4 killer bees (D:4)
  A howler monkey (D:4)
  An iguana (D:4)
  2 orc wizards
  Natasha (twice) (D:3)
  A hound skeleton (D:4)
  An adder (D:3)
  2 adder skeletons (D:4)
  2 worms (D:3)
  2 dart slugs
  7 orcs
  8 ball pythons
  9 endoplasms
  2 giant cockroaches (D:2)
  4 goblins
  4 hobgoblins
  11 jackals
  7 kobolds
  5 quokkas
  2 bats
  3 frilled lizards
  4 rats
87 creatures vanquished.

Table legend:
 A = Non-vault XP
 B = Vault XP
 C = Vault XP percentage of total XP
 D = Non-vault monster count
 E = Vault monster count
 F = Vault count percentage of total count
                 A         B        C        D         E       F
            +---------+---------+-------+---------+---------+-------
      Total |     785 |     183 |  18.9 |      78 |       9 |  10.3
            +---------+---------+-------+---------+---------+-------
        D:1 |      38 |       0 |   0.0 |      22 |       0 |   0.0
        D:2 |      69 |       0 |   0.0 |      21 |       0 |   0.0
        D:3 |      87 |      35 |  28.7 |      18 |       1 |   5.3
        D:4 |     379 |      10 |   2.6 |      15 |       2 |  11.8
        D:5 |     212 |       0 |   0.0 |       2 |       0 |   0.0
        D:6 |       0 |     138 | 100.0 |       0 |       6 | 100.0
            +---------+---------+-------+---------+---------+-------

Illustrated notes

Table legend:
 A = Kills in this place as a percentage of kills in entire the game.
 B = Kills by you in this place as a percentage of kills by you in the entire game.
 C = Kills by friends in this place as a percentage of kills by friends in the entire game.
 D = Other kills in this place as a percentage of other kills in the entire game.
 E = Experience gained in this place as a percentage of experience gained in the entire game.
 F = Experience gained in this place divided by the number of levels of this place that you have seen.
                   A       B       C       D       E      F
               +-------+-------+-------+-------+-------+----------------------
         Total | 100.0 | 100.0 |   N/A |   N/A | 100.0 | 161.3
       Dungeon | 100.0 | 100.0 |   N/A |   N/A | 100.0 | 161.3
               +-------+-------+-------+-------+-------+----------------------

Table legend: (Time is in decaauts)
 A = Elapsed time spent in this place.
 B = Non-inter-level travel time spent in this place.
 C = Inter-level travel time spent in this place.
 D = Time resting spent in this place.
 E = Time spent auto-exploring this place.
 F = Levels seen in this place.
 G = Mean time per level.
                   A        B        C        D        E       F      G
               +--------+--------+--------+--------+--------+-----+--------+
         Total |   4343 |   4218 |    125 |   1875 |   1648 |   6 |  723.8 |
       Dungeon |   4343 |   4218 |    125 |   1875 |   1648 |   6 |  723.8 |
               +--------+--------+--------+--------+--------+-----+--------+

Top non-repeatable levels by time:
     D:2: 1386 daAuts
     D:1: 1302 daAuts
     D:3: 905 daAuts
     D:4: 408 daAuts
     D:5: 326 daAuts
     D:6: 14 daAuts
